Unix NetHack Version 3.7.0-64 Work-in-progress - last build Sep 20 2022 13:51:49 (2efdc47de06bbc12dbc956ebf73d51181633095d,branch:master).

Game began 2022-09-22 23:31:36, ended 2022-09-23 00:31:16.

Gandelf, neutral male human Monk

  
stone
stone
stone
stone
stone
stone
stone
stone
stone
stone
stone
stone
stone
stone
stone
stone
stone
stone
stone
stone
stone
stone
stone
stone
stone
stone
stone
stone
stone
stone
stone
stone
stone
stone
stone
stone
stone
stone
stone
stone
stone
stone
stone
stone
stone
stone
stone
stone
stone
stone
stone
stone
stone
stone
stone
stone
stone
stone
stone
stone
stone
stone
stone
stone
stone
stone
stone
stone
stone
stone
stone
stone
stone
stone
stone
stone
stone
stone
stone
stone
stone
stone
stone
stone
stone
stone
stone
stone
stone
stone
stone
stone
stone
stone
stone
stone
stone
stone
stone
stone
stone
stone
stone
stone
stone
stone
stone
stone
stone
stone
stone
stone
stone
stone
stone
stone
stone
stone
stone
stone
stone
stone
stone
stone
stone
stone
stone
stone
stone
stone
stone
stone
stone
stone
stone
stone
stone
stone
stone
stone
stone
stone
stone
stone
stone
stone
stone
stone
stone
stone
stone
stone
stone
stone
stone
stone
stone
stone
stone
stone
stone
stone
stone
stone
stone
stone
stone
stone
stone
stone
stone
stone
stone
stone
stone
stone
stone
stone
stone
stone
stone
stone
stone
stone
stone
stone
stone
stone
stone
stone
stone
stone
stone
stone
stone
stone
stone
stone
stone
stone
stone
stone
stone
stone
stone
stone
stone
stone
stone
stone
stone
stone
stone
stone
stone
stone
stone
stone
stone
stone
stone
stone
stone
stone
stone
stone
stone
stone
stone
stone
stone
stone
stone
stone
stone
stone
stone
stone
stone
stone
stone
stone
stone
stone
stone
stone
stone
stone
stone
stone
stone
stone
stone
stone
stone
stone
stone
stone
stone
stone
stone
stone
stone
stone
stone
stone
stone
stone
stone
stone
stone
stone
stone
stone
stone
stone
stone
stone
stone
stone
stone
stone
stone
stone
stone
stone
stone
stone
stone
stone
stone
stone
stone
stone
stone
stone
stone
stone
stone
stone
stone
stone
stone
stone
stone
stone
stone
stone
stone
stone
stone
stone
stone
stone
stone
stone
stone
stone
stone
stone
stone
stone
stone
stone
stone
stone
stone
stone
stone
stone
stone
stone
stone
stone
stone
stone
stone
stone
stone
stone
stone
stone
stone
stone
stone
stone
stone
stone
stone
stone
stone
stone
stone
stone
stone
stone
stone
stone
stone
stone
stone
stone
stone
stone
stone
stone
stone
stone
stone
stone
stone
stone
stone
stone
stone
stone
stone
stone
stone
stone
stone
stone
stone
stone
stone
stone
stone
stone
stone
stone
stone
stone
stone
stone
stone
stone
stone
stone
stone
stone
stone
stone
stone
stone
stone
stone
stone
stone
stone
stone
stone
stone
stone
stone
stone
stone
stone
stone
stone
stone
stone
stone
stone
stone
stone
stone
stone
wall
wall
wall
wall
wall
wall
wall
wall
stone
stone
stone
stone
stone
stone
stone
stone
stone
stone
stone
stone
stone
stone
stone
stone
stone
stone
stone
stone
stone
stone
stone
stone
stone
stone
stone
stone
stone
stone
stone
stone
stone
stone
stone
stone
stone
stone
stone
stone
stone
stone
stone
stone
stone
stone
stone
stone
stone
stone
stone
stone
stone
stone
stone
stone
stone
stone
stone
stone
stone
stone
stone
stone
stone
stone
stone
stone
stone
wall
wall
wall
.dark part of a room
wall
.dark part of a room
.dark part of a room
.dark part of a room
.dark part of a room
wall
stone
stone
stone
stone
stone
stone
stone
stone
stone
stone
stone
stone
stone
stone
stone
stone
stone
stone
stone
stone
stone
stone
stone
stone
stone
stone
stone
stone
stone
stone
stone
stone
stone
stone
stone
stone
stone
stone
stone
stone
stone
stone
stone
stone
stone
stone
stone
stone
stone
stone
stone
stone
stone
stone
stone
stone
stone
stone
stone
stone
stone
stone
stone
stone
stone
stone
stone
stone
stone
wall
.dark part of a room
.dark part of a room
.dark part of a room
0a boulder
.dark part of a room
.dark part of a room
.dark part of a room
.dark part of a room
wall
wall
wall
wall
wall
wall
wall
wall
wall
wall
wall
stone
stone
stone
stone
stone
stone
stone
stone
stone
stone
stone
stone
stone
stone
stone
stone
stone
stone
stone
stone
stone
stone
stone
stone
stone
stone
stone
stone
stone
stone
stone
stone
stone
stone
stone
stone
stone
stone
stone
stone
stone
stone
stone
stone
stone
stone
stone
stone
stone
stone
stone
stone
stone
stone
stone
stone
stone
stone
stone
wall
.dark part of a room
wall
.dark part of a room
0a boulder
0a boulder
wall
0a boulder
0a boulder
wall
.floor of a room
wall
.dark part of a room
.dark part of a room
.dark part of a room
.dark part of a room
.dark part of a room
.dark part of a room
.dark part of a room
wall
stone
stone
stone
stone
stone
stone
stone
stone
stone
stone
stone
stone
stone
stone
stone
stone
stone
stone
stone
stone
stone
stone
stone
stone
stone
stone
stone
stone
stone
stone
stone
stone
stone
stone
stone
stone
stone
stone
stone
stone
stone
stone
stone
stone
stone
stone
stone
stone
stone
stone
stone
stone
stone
stone
stone
stone
stone
stone
stone
wall
.dark part of a room
.dark part of a room
.dark part of a room
wall
.floor of a room
.floor of a room
.floor of a room
.floor of a room
0a boulder
.floor of a room
wall
.dark part of a room
.dark part of a room
.dark part of a room
.dark part of a room
.dark part of a room
.dark part of a room
.dark part of a room
wall
stone
stone
stone
stone
stone
stone
stone
stone
stone
stone
stone
stone
stone
stone
stone
stone
stone
stone
stone
stone
stone
stone
stone
stone
stone
stone
stone
stone
stone
stone
stone
stone
stone
stone
stone
stone
stone
stone
stone
stone
stone
stone
stone
stone
stone
stone
stone
stone
stone
stone
stone
stone
stone
stone
stone
stone
stone
stone
stone
wall
.dark part of a room
wall
.dark part of a room
.dark part of a room
0a boulder
.dark part of a room
wall
Hminotaur
@human monk called Gandelf
.floor of a room
wall
.dark part of a room
1unknown creature causing you concern
.dark part of a room
.dark part of a room
.dark part of a room
.dark part of a room
.dark part of a room
wall
stone
stone
stone
stone
stone
stone
stone
stone
stone
stone
stone
stone
stone
stone
stone
stone
stone
stone
stone
stone
stone
stone
stone
stone
stone
stone
stone
stone
stone
stone
stone
stone
stone
stone
stone
stone
stone
stone
stone
stone
stone
stone
stone
stone
stone
stone
stone
stone
stone
stone
stone
stone
stone
stone
stone
stone
stone
stone
stone
wall
.dark part of a room
.dark part of a room
.dark part of a room
.dark part of a room
wall
0a boulder
wall
wall
.floor of a room
wall
wall
.dark part of a room
.dark part of a room
.dark part of a room
<staircase up
.dark part of a room
.dark part of a room
.dark part of a room
wall
stone
stone
stone
stone
stone
stone
stone
stone
stone
stone
stone
stone
stone
stone
stone
stone
stone
stone
stone
stone
stone
stone
stone
stone
stone
stone
stone
stone
stone
stone
stone
stone
stone
stone
stone
stone
stone
stone
stone
stone
stone
stone
stone
stone
stone
stone
stone
stone
stone
stone
stone
stone
stone
stone
stone
stone
stone
stone
stone
wall
.dark part of a room
.dark part of a room
.dark part of a room
.dark part of a room
.dark part of a room
.dark part of a room
.dark part of a room
0a boulder
.floor of a room
.dark part of a room
wall
.dark part of a room
.dark part of a room
.dark part of a room
.dark part of a room
.dark part of a room
.dark part of a room
.dark part of a room
wall
stone
stone
stone
stone
stone
stone
stone
stone
stone
stone
stone
stone
stone
stone
stone
stone
stone
stone
stone
stone
stone
stone
stone
stone
stone
stone
stone
stone
stone
stone
stone
stone
stone
stone
stone
stone
stone
stone
stone
stone
stone
stone
stone
stone
stone
stone
stone
stone
stone
stone
stone
stone
stone
stone
stone
stone
stone
stone
stone
wall
.dark part of a room
wall
wall
.dark part of a room
.dark part of a room
%a tripe ration
wall
.dark part of a room
.floor of a room
.floor of a room
wall
.dark part of a room
.dark part of a room
.dark part of a room
.dark part of a room
.dark part of a room
.dark part of a room
.dark part of a room
wall
stone
stone
stone
stone
stone
stone
stone
stone
stone
stone
stone
stone
stone
stone
stone
stone
stone
stone
stone
stone
stone
stone
stone
stone
stone
stone
stone
stone
stone
stone
stone
stone
stone
stone
stone
stone
stone
stone
stone
stone
stone
stone
stone
stone
stone
stone
stone
stone
stone
stone
stone
stone
stone
stone
stone
stone
stone
stone
stone
wall
.dark part of a room
.dark part of a room
.dark part of a room
.dark part of a room
wall
.dark part of a room
wall
wall
wall
wall
wall
1unknown creature causing you concern
.dark part of a room
.dark part of a room
.dark part of a room
.dark part of a room
.dark part of a room
.dark part of a room
wall
stone
stone
stone
stone
stone
stone
stone
stone
stone
stone
stone
stone
stone
stone
stone
stone
stone
stone
stone
stone
stone
stone
stone
stone
stone
stone
stone
stone
stone
stone
stone
stone
stone
stone
stone
stone
stone
stone
stone
stone
stone
stone
stone
stone
stone
stone
stone
stone
stone
stone
stone
stone
stone
stone
stone
stone
stone
stone
stone
wall
wall
wall
.dark part of a room
.dark part of a room
.dark part of a room
.dark part of a room
wall
wall
wall
wall
wall
wall
wall
wall
wall
wall
wall
+closed door
wall
stone
stone
stone
stone
stone
stone
stone
stone
stone
stone
stone
stone
stone
stone
stone
stone
stone
stone
stone
stone
stone
stone
stone
stone
stone
stone
stone
stone
stone
stone
stone
stone
stone
stone
stone
stone
stone
stone
stone
stone
stone
stone
stone
stone
stone
stone
stone
stone
stone
stone
stone
stone
stone
stone
stone
stone
stone
stone
stone
stone
stone
wall
.dark part of a room
.dark part of a room
.dark part of a room
>staircase down
.dark part of a room
.dark part of a room
.dark part of a room
.dark part of a room
.dark part of a room
.dark part of a room
.dark part of a room
^hole
^hole
^hole
^hole
.dark part of a room
wall
stone
stone
stone
stone
stone
stone
stone
stone
stone
stone
stone
stone
stone
stone
stone
stone
stone
stone
stone
stone
stone
stone
stone
stone
stone
stone
stone
stone
stone
stone
stone
stone
stone
stone
stone
stone
stone
stone
stone
stone
stone
stone
stone
stone
stone
stone
stone
stone
stone
stone
stone
stone
stone
stone
stone
stone
stone
stone
stone
stone
stone
wall
wall
wall
wall
wall
wall
wall
wall
wall
wall
wall
wall
wall
wall
wall
wall
wall
wall
stone
stone
stone
stone
stone
stone
stone
stone
stone
stone
stone
stone
stone
stone
stone
stone
stone
stone
stone
stone
stone
stone
stone
stone
stone
stone
stone
stone
stone
stone
stone
stone
stone
stone
stone
stone
stone
stone
stone
stone
stone
stone
stone
stone
stone
stone
stone
stone
stone
stone
stone
stone
stone
stone
stone
stone
stone
stone
stone
stone
stone
stone
stone
stone
stone
stone
stone
stone
stone
stone
stone
stone
stone
stone
stone
stone
stone
stone
stone
stone
stone
stone
stone
stone
stone
stone
stone
stone
stone
stone
stone
stone
stone
stone
stone
stone
stone
stone
stone
stone
stone
stone
stone
stone
stone
stone
stone
stone
stone
stone
stone
stone
stone
stone
stone
stone
stone
stone
stone
stone
stone
stone
stone
stone
stone
stone
stone
stone
stone
stone
stone
stone
stone
stone
stone
stone
stone
stone
stone
stone
stone
stone
stone
stone
stone
stone
stone
stone
stone
stone
stone
stone
stone
stone
stone
stone
stone
stone
stone
stone
stone
stone
stone
stone
stone
stone
stone
stone
stone
stone
stone
stone
stone
stone
stone
stone
stone
stone
stone
stone
stone
stone
stone
stone
stone
stone
stone
stone
stone
stone
stone
stone
stone
stone
stone
stone
stone
stone
stone
stone
stone
stone
stone
stone
stone
stone
stone
stone
stone
stone
stone
stone
stone
stone
stone
stone
stone
stone
stone
stone
stone
stone
stone
stone
stone
stone
stone
stone
stone
stone
stone
stone
stone
stone
stone
stone
stone
stone
stone
stone
stone
stone
stone
stone
stone
stone
stone
stone
stone
stone
stone
stone
stone
stone
stone
stone
stone
stone
stone
stone
stone
stone
stone
stone
stone
stone
[Gandelf the Initiate ] St:18 Dx:13 Co:14 In:13 Wi:18 Ch:8 Neutral S:10344 Dlvl:7 $:538 HP:0(52) Pw:50(50) AC:-4 Xp:8/2319 T:6700 Satiated

Latest messages:

You feel especially healthy.
There is a killer bee corpse here; eat it? [ynq] (n) n
There is a food ration here; eat it? [ynq] (n) y
This satiates your stomach!
You finish eating the food ration.
The kitten drops an elven shield.
You stop. Your kitten is in the way!
You climb up the stairs.
With great effort you move the boulder.
The boulder falls into and plugs a hole in the floor!
With great effort you move the boulder.
You see here a tripe ration.
With great effort you move the boulder.
The boulder falls into and plugs a hole in the floor!
In what direction? l
The gold ring falls through the hole.
With great effort you move the boulder.
You try to move the boulder, but in vain.
The boulder falls into and plugs a hole in the floor!
With great effort you move the boulder.
The boulder falls into and plugs a hole in the floor!
With great effort you move the boulder.
With great effort you move the boulder.
The boulder falls into and plugs a hole in the floor!
With great effort you move the boulder.
The lurker above turns into a fire elemental!
You try to move the boulder, but in vain.
The boulder falls into and plugs a hole in the floor!
With great effort you move the boulder.
With great effort you move the boulder.
You try to move the boulder, but in vain.
The boulder falls into and plugs a hole in the floor!
You see here a tripe ration.
With great effort you move the boulder.
The blast of fire whizzes by you!
The blast of fire bounces!
The blast of fire bounces!
The minotaur hits!
The minotaur hits!
The minotaur butts!
You hit the minotaur!
You hit the minotaur!
The minotaur hits!
The minotaur hits!
You die...
Do you want your possessions identified? [ynq] (y) y
Do you want to see your attributes? [ynq] (y) y
Do you want an account of creatures vanquished? [ynaq] (y) y
Do you want to see your conduct and achievements? [ynq] (y) y
Do you want to see the dungeon overview? [ynq] (y) y

Inventory:

Coins

$ - 538 gold pieces

Weapons

f - 14 +0 darts
A - 9 +0 darts

Armor

N - an uncursed +3 dwarvish iron helm (being worn)
a - a blessed +3 pair of leather gloves (being worn)
U - an uncursed +0 pair of iron shoes (being worn)
p - an uncursed +0 cloak of protection
B - a cursed -1 mummy wrapping
O - an uncursed +1 robe (being worn)

Comestibles

h - an uncursed apple
j - 4 uncursed fortune cookies
i - 6 uncursed oranges
K - 3 uncursed tripe rations
y - an uncursed egg

Scrolls

g - an uncursed scroll of amnesia
J - an uncursed scroll of blank paper
G - an uncursed scroll of confuse monster
d - an uncursed scroll of create monster
z - a cursed scroll of create monster
X - a cursed scroll of create monster
D - an uncursed scroll of earth
m - a cursed scroll of earth
L - a blessed scroll of enchant weapon
Y - an uncursed scroll of gold detection
s - a cursed scroll of gold detection
u - 2 blessed scrolls of identify
I - a blessed scroll of light
x - 2 uncursed scrolls of light
n - a cursed scroll of magic mapping
P - an uncursed scroll of punishment
T - an uncursed scroll of remove curse
F - a blessed scroll of teleportation
r - 4 uncursed scrolls of teleportation

Spellbooks

H - an uncursed spellbook of detect unseen
c - a blessed spellbook of healing

Potions

Z - a cursed potion of object detection
v - 3 potions of holy water
e - an uncursed potion of water

Rings

R - an uncursed ring of aggravate monster
t - an uncursed ring of free action
C - an uncursed ring of free action
l - a blessed +1 ring of increase damage

Wands

S - a wand of secret door detection (0:12)
W - a wand of speed monster (0:4)
w - a cursed wand of speed monster (0:4)

Tools

M - an uncursed leash
E - an uncursed mirror
k - an uncursed oil lamp
V - an uncursed tallow candle
b - an uncursed towel
o - a +0 unicorn horn
q - a +0 unicorn horn

Gems/Stones

Q - an uncursed garnet stone

Gandelf the Monk's attributes:


Background:

You were an Initiate, a level 8 male human Monk.
You were neutral, on a mission for Chih Sung-tzu
who was opposed by Shan Lai Ching (lawful) and Huan Ti (chaotic).
You were in Sokoban, on level 7.
You entered the dungeon 6700 turns ago.
It was the midnight hour.
You had 2319 experience points, 241 more were needed to attain level 9.
Your score was 10344 before end-of-game adjustments.

Basics:

You had 0 out of 52 hit points.
You had all 50 energy points (spell power).
Your armor class was -4.
Your wallet contained 538 zorkmids.
Autopickup was off.

Final Characteristics:

Your strength was 18 (limit:18/100).
Your dexterity was 13 (limit:18).
Your constitution was 14 (limit:18).
Your intelligence was 13 (limit:18).
Your wisdom was 18 (limit:18).
Your charisma was 8 (limit:18).

Final Status:

You were satiated.
You were unencumbered.
You were empty handed.
You had expert skill with martial arts.

Final Attributes:

You were piously aligned.
You were sleep resistant.
You were poison resistant.
You saw invisible.
You were telepathic.
You were warned.
You were stealthy.
You were guarded.
You were fast.
You are dead.

Miscellaneous:
You never encountered a bones level.
Total elapsed playing time was 59 minutes and 40 seconds.

Major events:

Turn

1: Gandelf the neutral male human Monk entered the dungeon
1024: entered the Gnomish Mines
1034: attained the rank of Novice (level 3)
1934: reached Mine Town
1945: attained the rank of Initiate (level 6)
5598: entered Sokoban
5848: completed 1st Sokoban level
6382: completed 2nd Sokoban level
6700: killed by a chameleon imitating a minotaur

Vanquished creatures:

2 small mimics
a pyrolisk
a freezing sphere
a tiger
an ochre jelly
a stone giant
a human mummy
a python
2 wolves
a gremlin
a leprechaun
an iron piercer
a giant spider
a black light
an orc mummy
a yeti
a werewolf
a dog
2 jaguars
a white unicorn
a black unicorn
a raven
a rope golem
6 Woodland-elves
an imp
a water nymph
2 mountain nymphs
a rock piercer
a yellow light
2 violet fungi
7 gnome leaders
4 gnomish wizards
2 kobold mummies
a gray ooze
5 elf zombies
a straw golem
a giant ant
2 floating eyes
5 dwarves
a kobold leader
4 rothes
a centipede
2 giant bats
a monkey
an orc zombie
5 dwarf zombies
2 wererats
a werejackal
5 iguanas
6 killer bees
a coyote
a gas spore
3 hobbits
a manes
2 large kobolds
a giant rat
3 cave spiders
a brown mold
a green mold
2 red molds
17 gnomes
2 garter snakes
6 geckos
4 jackals
a fox
2 goblins
5 sewer rats
8 grid bugs
3 lichens
a kobold zombie
2 newts
164 creatures vanquished.
No species were genocided or became extinct.

Voluntary challenges:

You never hit with a wielded weapon.
You read items or engraved 4 times.
You never engraved Elbereth.
You never genocided any monsters.
You never polymorphed an object.
You never changed form.
You used no wishes.
You did not violate any of the special Sokoban rules.

Achievements:

You entered the Gnomish Mines.
You attained the rank of Novice.
You entered Minetown.
You attained the rank of Initiate.
You entered a temple.
You entered a shop.
You entered Sokoban.

The Dungeons of Doom: levels 1 to 11

   Level 1:
A fountain.
Level 2:
Level 3:
A fountain.
Level 4:
Stairs down to The Gnomish Mines.
Level 5:
A scroll shop.
Level 6:
An altar to Chih Sung-tzu, a fountain, a sink.
Level 7:
A sink, a grave.
Level 8:
Many altars, a fountain.
Level 9:
Many fountains.
Level 10:
Stairs up to Sokoban, level 9.
Level 11:

The Gnomish Mines: levels 5 to 7

   Level 5:
Level 6:
Level 7:
Many shops, a temple, some fountains.

Sokoban: levels 9 up to 7

   Level 7: <- You were here.
Unsolved.
Final resting place for
you, killed by a chameleon imitating a minotaur.
Level 8:
Solved.
Level 9:
Solved.

Game over:

----------
/ \
/ REST \
/ IN \
/ PEACE \
/ \
| Gandelf |
| 538 Au |
| killed by a |
| chameleon |
| imitating a |
| minotaur |
| 2022 |
*| * * * | *
_________)/\\_//(\/(/\)/\//\/|_)_______

Goodbye Gandelf the Monk...


You died in Sokoban on dungeon level 7 with 10291 points,
and 538 pieces of gold, after 6700 moves.
You were level 8 with a maximum of 52 hit points when you died.